 Dungeon Crawl Stone Soup version 0.29-a0-723-gce39da1c22 (webtiles) character file.

Game seed: 9855067883746164025

87 blackman the Chopper (level 4, 0/39 HPs)
             Began as a Hill Orc Monk on June 28, 2022.
             Slain by a gnoll
             ... wielding a +0 flail
              (9 damage)
             ... on level 2 of the Dungeon.
             The game lasted 00:04:47 (2424 turns).

blackman the Chopper (Hill Orc Monk)                Turns: 2424, Time: 00:04:48

Health: 0/39       AC: 10    Str: 15    XL:     4   Next: 51%
Magic:  4/4        EV:  6    Int: 10    God:
Gold:   84         SH:  0    Dex: 13    Spells: 3/3 levels left

rFire   . . .      SeeInvis .   g - +0 spear
rCold   . . .      Faith    +   (no shield)
rNeg    . . .      Spirit   .   h - +0 chain mail
rPois   +          Reflect  .   i - +0 helmet
rElec   .          Harm     .   f - +0 cloak
rCorr   .          Rampage  .   (no gloves)
Will    .....                   (no boots)
Stlth   ..........              p - amulet of faith
HPRegen 0.13/turn               e - ring of poison resistance
MPRegen 0.09/turn               (no ring)

@: no status effects
A: no striking features
a: no special abilities


You were on level 2 of the Dungeon.
You visited 1 branch of the dungeon, and saw 3 of its levels.

You collected 84 gold pieces.

Inventory:

Hand Weapons
 a - a +0 hand axe
 g - a +0 spear (weapon)
Armour
 b - a +0 robe
 f - a +0 cloak (worn)
 h - a +0 chain mail (worn)
 i - a +0 helmet (worn)
Jewellery
 e - a ring of poison resistance (left hand)
 o - a ring of resist corrosion
 p - an amulet of faith (around neck)
Scrolls
 j - a scroll of blinking {unknown}
 k - a scroll of fear {unknown}
 l - a scroll of brand weapon {unknown}
 m - 2 scrolls of teleportation {unknown}
Potions
 c - a potion of ambrosia
 d - a potion of flight {unknown}
 n - 2 potions of heal wounds {unknown}


   Skills:
 - Level 3.6 Fighting
 + Level 6.8 Axes
 - Level 2.4 Dodging
 - Level 1.5 Stealth


You had 3 spell levels left.
You didn't know any spells.
Your spell library contained the following spells:

 Spells                   Type           Power      Damage    Failure   Level
 Fireball                 Conj/Fire      0%         3d3       100%        5
 Starburst                Conj/Fire      0%         6d3       100%        6
 Malign Gateway           Summ/Tloc      0%         N/A       100%        7
 Ignition                 Fire           0%         3d3       100%        8
 Summon Horrible Things   Summ           0%         N/A       100%        8


Dungeon Overview and Level Annotations

Branches:
Dungeon (3/15)

Altars:

Shops:
D:2 (


Message History

The kobold throws a stone.
The stone hits you but does no damage. The gnoll hits you with a +0 flail!
The gnoll closely misses you.
Reach: g) +0 spear
Press: ? - help, Dir - move target, f - gnoll, p - gnoll
Aim: a gnoll, wielding a +0 halberd (severely wounded, about 35% to evade your +0 spear)
You hit the gnoll.
The gnoll is severely wounded.
The kobold throws a stone.
The stone hits you. The gnoll hits you but does no damage.
The gnoll hits you with a +0 halberd.
Reach: g) +0 spear
Press: ? - help, Dir - move target, f/p - gnoll
Aim: a gnoll, wielding a +0 halberd (severely wounded, about 35% to evade your +0 spear)
You closely miss the gnoll.
The gnoll is severely wounded.
The kobold throws a stone.
The stone hits you but does no damage. The gnoll hits you but does no damage.
The gnoll barely misses you.
Reach: g) +0 spear
Press: ? - help, Dir - move target, f/p - gnoll
Aim: a gnoll, wielding a +0 halberd (severely wounded, about 35% to evade your +0 spear)
You closely miss the gnoll.
The gnoll is severely wounded.
The gnoll hits you but does no damage. The gnoll barely misses you.
Reach: g) +0 spear
Press: ? - help, Dir - move target, f/p - gnoll
Aim: a gnoll, wielding a +0 halberd (severely wounded, about 35% to evade your +0 spear)
You hit the gnoll.
You kill the gnoll!
The gnoll hits you with a +0 flail.
The kobold throws a stone.
The stone hits you but does no damage. The gnoll hits you with a +0 flail.
* * * LOW HITPOINT WARNING * * *
You climb upwards.
There is a stone staircase leading down here.
Reach: g) +0 spear
Press: ? - help, Dir - move target, f - gnoll
Aim: a gnoll, wielding a +0 flail (moderately wounded, about 35% to evade your +0 spear)
You hit the gnoll but do no damage.
The gnoll is moderately wounded.
The gnoll hits you with a +0 flail!
You die...

#######...##.##.#....#####
#..........#.##.#.##.# #..
#.####.###......#∩##.# #..
#.##...####...###.##.###..
###.#...........#...##..##..
##...#.............#####.....
##..###..........#..# ##..#.÷
####................#..####......
.......###......@.......##..#....
........##.......g..##.....#....#
.........#..........##...........
.........######.#.#.##.....##.#.#
.........# #.#.#.....<#.....)#
.<......## #...#..........#...
...#...## #####...#..........##..
######## #..................##.#
#.......#..........#..#


You could see a gnoll.

Vanquished Creatures
  A gnoll (D:3)
  2 adders (D:2)
  A worm (D:2)
  8 endoplasms
  4 giant cockroaches
  6 hobgoblins
  4 jackals (D:1)
  3 ball pythons
  6 bats
  4 frilled lizards
  2 goblins (D:1)
  5 kobolds
  9 rats
55 creatures vanquished.

Notes
Turn   | Place    | Note
-------+----------+-------------------------------------------
     0 | D:1      | blackman the Hill Orc Monk began the quest for the Orb.
     0 | D:1      | Reached XP level 1. HP: 19/19 MP: 1/1
   353 | D:1      | Reached XP level 2. HP: 22/26 MP: 2/2
   641 | D:1      | Reached skill level 5 in Axes
   904 | D:1      | Reached XP level 3. HP: 29/31 MP: 3/3
  1441 | D:1      | You fall into a shaft and drop 1 floor!
  1456 | D:2      | Reached skill level 6 in Axes
  1850 | D:2      | Found Fack's Weapon Emporium.
  1851 | D:2      | Identified the +1 robe "Jaigy" {rPois rC- rN++}
  1863 | D:2      | Reached XP level 4. HP: 36/39 MP: 4/4
  2424 | D:2      | Slain by a gnoll

Illustrated notes

Levels and vault maps discovered:
D:1:      dpeg_arrival_rooms_with_view, layout_loops_cross, minmay_vboxes
D:2:      layout_rooms, serial_shops, shop
D:3:      corexii_shack_village, layout_rooms, serial_shops, shop_coins,
          ebering_ecumenical_altar_webs, uniq_robin

Skill      XL: |  1  2  3 |
---------------+----------+-----
Axes           | 5 6 |  6.8
Fighting       | |  3.6
Dodging        | |  2.4
Stealth        | |  1.5

Action                   |  1- 3 |  4- 6 || total
-------------------------+-------+-------++-------
Melee: Hand axe          |    70 |       ||    70
       Spear             |    80 |    69 ||   149
 Stab: Sleeping          |     2 |       ||     2
Armor: Robe              |    17 |       ||    17
       Chain mail        |    44 |    36 ||    80
Dodge: Dodged            |    66 |    27 ||    93

Table legend: (Time is in decaauts)
 A = Elapsed time spent in this place.
 B = Non-inter-level travel time spent in this place.
 C = Inter-level travel time spent in this place.
 D = Time resting spent in this place.
 E = Time spent auto-exploring this place.
 F = Levels seen in this place.
 G = Mean time per level.
                   A        B        C        D        E       F      G
               +--------+--------+--------+--------+--------+-----+--------+
         Total |   2420 |   2339 |     81 |    192 |   1732 |   3 |  806.7 |
       Dungeon |   2420 |   2339 |     81 |    192 |   1732 |   3 |  806.7 |
               +--------+--------+--------+--------+--------+-----+--------+

Top non-repeatable levels by time:
     D:1: 1806 daAuts
     D:2: 603 daAuts
     D:3: 9 daAuts
